 Dungeon Crawl Stone Soup version 0.30.0 (webtiles) character file.

Game seed: 14055402916254946185

16 dialectric the Sneak (level 2, -7/21 HPs)
             Began as an Octopode Delver on May 6, 2023.
             Mangled by a water moccasin (8 damage)
             ... in a sewer.
             The game lasted 00:00:43 (119 turns).

dialectric the Sneak (Octopode Delver)               Turns: 119, Time: 00:00:45

Health: -7/21      AC:  1    Str: 11    XL:     2   Next: 58%
Magic:  2/2        EV: 13    Int: 12    God:
Gold:   0          SH:  0    Dex: 13    Spells: 1/1 levels left

rFire   . . .        a - +0 short sword
rCold   . . .        (no shield)
rNeg    . . .        (helmet restricted)
rPois   .            (no amulet)
rElec   .            (no ring)
rCorr   .            (no ring)
SInv    .            (no ring)
Will    .....        (no ring)
Stlth   ++++         (no ring)
HPRegen 0.23/turn    (no ring)
MPRegen 0.08/turn    (no ring)
                     (no ring)

%: no passive effects
@: lethally poisoned (-7 -> -27)
A: almost no armour, amphibious, 8 rings, camouflage 1, gelatinous body 1,
(nimble swimmer 1), tentacles
a: no special abilities


You were in a sewer.
You visited 1 branch of the dungeon, and saw 1 of its levels.
You also visited: Sewer.

Inventory:

Hand Weapons
 a - a +0 short sword (weapon)
Wands
 f - a wand of digging (3)
Scrolls
 b - a scroll of fog
 c - a scroll of magic mapping
 d - a scroll of fear
Potions
 e - 2 potions of haste


   Skills:
 - Level 3.0 Fighting
 + Level 2.0 Short Blades
 + Level 2.0 Dodging
 + Level 7.4 Stealth


You had one spell level left.
You didn't know any spells.
Your spell library was empty.

Dungeon Overview and Level Annotations

Branches:
Dungeon (5/15)              Sewer (1/1)
 Temple: D:4-7

Altars:


Innate Abilities, Weirdness & Mutations

You cannot wear most types of armour.
You are amphibious.
You can wear up to eight rings at the same time.
Your skin changes colour to match your surroundings (Stealth+).
Your rubbery body absorbs attacks. (AC +1, EV +1)
((You are camouflaged when in or above water. (Stealth+)))
You have tentacles for arms and can constrict up to eight enemies at once.


Message History

You barely miss the bat.
The bat is heavily wounded.
You constrict the bat.
You kill the bat!
You see here a bat corpse.
No target in view!
No target in view!
You see here a bat corpse.
Found 32 gold pieces.
You see here a potion of haste.
e - 2 potions of haste (gained 1)
Found 40 gold pieces, a scroll labelled UZYFFO ONIDEUTZ and 8 stones.
The helpless water moccasin fails to defend itself.
You puncture the water moccasin! Your grab misses the water moccasin.
The water moccasin is heavily wounded.
The water moccasin bites you.
Unknown command.
Okay, then.
You closely miss the water moccasin. You grab the water moccasin.
The water moccasin is heavily wounded.
You constrict the water moccasin. The water moccasin closely misses you.
The water moccasin bites you.
You are lethally poisoned!
The water moccasin poisons you!
You hit the water moccasin.
The water moccasin is severely wounded.
You constrict the water moccasin, but do no damage.
You feel very sick. The water moccasin bites you.
* * * LOW HITPOINT WARNING * * *
You are more poisoned.
The water moccasin poisons you!
Okay, then.
You hit the water moccasin.
The water moccasin is severely wounded.
You constrict the water moccasin.
* * * LOW HITPOINT WARNING * * *
You feel very sick. The water moccasin bites you!
You die...

####### ##$($?$##
#..$$$..#
#.......#
#...S...#
#....@..#
#.......#
##.....## #######
###.### #.....##
#.# ...≈...## #.#
..≈≈≈†..#######.#
.≈≈†≈≈.†........#
..≈≈≈...#######.#


You could see a water moccasin.

Vanquished Creatures
  4 giant cockroaches (D:5)
  3 quokkas (D:5)
  6 bats (Sewer)
13 creatures vanquished.

Notes
Turn   | Place    | Note
-------+----------+-------------------------------------------
     0 | D:5      | dialectric the Octopode Delver began the quest for the Orb.
     0 | D:5      | Reached XP level 1. HP: 16/16 MP: 1/1
    21 | D:5      | Found a glowing drain.
    30 | D:5      | Reached skill level 7 in Stealth
    35 | D:5      | Reached XP level 2. HP: 11/21 MP: 2/2
    45 | Sewer    | Entered a sewer
    96 | Sewer    | Noticed a water moccasin
   119 | Sewer    | HP: 1/21 [poisoned by a water moccasin]
   119 | Sewer    | Mangled by a water moccasin

Illustrated notes

Levels and vault maps discovered:
D:5:      kennysheep_steamy, layout_basic, gup_sewer_entry_pipe, serial_shops,
          nicolae_shop_getting_attention, item_on_display_a
Sewer:    sewer_big_baddie

Skill      XL: |  1 |
---------------+----+-----
Stealth        | 7 |  7.4
Fighting       | |  3.0
Short Blades   | |  2.0
Dodging        | |  2.0

Action                     || total
---------------------------++-------
  Melee: Short sword       ||    25
         Constrict         ||     7
         Tentacles         ||     2
   Stab: Sleeping          ||     7
 Armour: Skin              ||     2
  Dodge: Dodged            ||    19
